 Dungeon Crawl Stone Soup version 0.19.5 (webtiles) character file.

19 empire the Conjurer (level 2, -2/19 HPs)
             Began as a Mummy Conjurer on Mar 8, 2017.
             Slain by a hobgoblin (4 damage)
             ... on level 1 of the Dungeon.
             The game lasted 00:03:30 (969 turns).

empire the Conjurer (Mummy Conjurer)                 Turns: 969, Time: 00:03:31

Health: -2/19      AC:  2    Str: 11    XL:     2   Next: 55%
Magic:  3/5        EV: 12    Int: 14    God:
Gold:   51         SH:  0    Dex: 12    Spells: 1 memorised, 4 levels left

rFire  x . .     SeeInvis .     b - +0 spear
rCold  + . .     Gourm    .     i - +0 robe
rNeg   + + +     Faith    .     (no shield)
rPois  ∞         Spirit   .     (no helmet)
rElec  .         Reflect  .     (no cloak)
rCorr  .         Harm     .     (no gloves)
MR     .....                    (no boots)
Stlth  ++........               (no amulet)
                                (no ring)
                                (no ring)

@: no status effects
A: no food or potions, fire vulnerability, cold resistance 1, negative energy
resistance 3, torment resistance, unbreathing
a: no special abilities


You were on level 1 of the Dungeon.
You were not hungry.

You visited 1 branch of the dungeon, and saw 2 of its levels.

You collected 51 gold pieces.

Inventory:

Hand Weapons
 b - a +0 spear (weapon)
Armour
 i - a +0 robe (worn)
 j - a cursed +0 ring mail
Scrolls
 a - a scroll of magic mapping {unknown}
 c - a scroll of remove curse {unknown}
 d - 2 scrolls of identify {unknown}
 e - a scroll of fog {unknown}
 f - a scroll of enchant weapon {unknown}
 g - a scroll of blinking {unknown}
 h - a scroll of enchant armour {unknown}
Books
 k - a book of Conjurations

   Spells                             Type                      Level
   a - Magic Dart                     Conjuration                  1
   b - Searing Ray                    Conjuration                  2
   c - Dazzling Spray                 Conjuration/Hexes            3
   d - Fulminant Prism                Conjuration/Hexes            4
   e - Iskenderun's Mystic Blast      Conjuration                  4
   f - Iskenderun's Battlesphere      Conjuration/Charms           5


   Skills:
 - Level 1.5 Dodging
 - Level 1.5 Stealth
 + Level 2.3 Spellcasting
 + Level 3.7 Conjurations


You had 4 spell levels left.
You knew the following spells:

 Your Spells              Type           Power        Failure   Level  Hunger
a - Magic Dart            Conj           ##..         6%          1    N/A

Dungeon Overview and Level Annotations

Branches:
Dungeon (2/15)

Altars:


Innate Abilities, Weirdness & Mutations

You do not eat or drink.
Your flesh is vulnerable to fire.
You are immune to poison.
Your flesh is cold resistant. (rC+)
You are immune to negative energy. (rN+++)
You are immune to unholy pain and torment.
You can survive without breathing.


Message History

You hit the leopard gecko.
The leopard gecko is almost dead.
The leopard gecko bites you.
* * * LOW HITPOINT WARNING * * *
Casting: Magic Dart
Confirm with . or Enter, or press ? or * to list all spells.
Aiming: Magic Dart
Press: ? - help, Shift-Dir - straight line, f - leopard gecko
Aim: a leopard gecko (severely wounded, clinging)
The magic dart hits the leopard gecko.
You kill the leopard gecko!
Casting: Magic Dart
Confirm with . or Enter, or press ? or * to list all spells.
Aiming: Magic Dart
Press: ? - help, Shift-Dir - straight line, f - hobgoblin
Aim: a hobgoblin The magic dart hits the hobgoblin.
The hobgoblin is lightly wounded.
The hobgoblin hits you.
You die...

.....#####.### #....# #D#.#X# #.
###.....##...####....#####.#####.
###......>..........##^#..#^##.
##...###..g.......#####.####.
###..#######....## #X#.#^##.
##.## #..#...# ###.####.
######>.# #.##.### #≈#.#X##.
#...###.# #g##..######.####.
#...###.#####@###.##*#...#^##.
#.................####.######.
#.......###...###.##X#.#X# ##.
#...###..##.#...#.####.#####..
##### ##....###!#..##...##...#
######### ##).## #.##..'.>.'...##
#.......####..####....##...##..#.
#......................#####.....
#........#..#.######....#^##..##.


You could see a hobgoblin.

Vanquished Creatures
  A dart slug (D:1)
  2 leopard geckos (D:1)
  3 bats
  A goblin (D:1)
  2 hobgoblins (D:1)
  2 kobolds (D:1)
  A ball python (D:1)
  3 rats
15 creatures vanquished.

Notes
Turn   | Place    | Note
-------+----------+-------------------------------------------
     0 | D:1      | empire the Mummy Conjurer began the quest for the Orb.
     0 | D:1      | Reached XP level 1. HP: 13/13 MP: 3/3
     0 | D:1      | Noticed an ice dragon
     2 | D:1      | Noticed a shadow dragon
     4 | D:1      | Noticed an iron dragon
     4 | D:1      | Noticed an orb of fire
     6 | D:1      | Noticed a tentacled monstrosity
     7 | D:1      | Noticed an ice dragon
     8 | D:1      | Noticed an ice dragon
     9 | D:1      | Noticed an iron dragon
    11 | D:1      | Noticed a shadow dragon
    11 | D:1      | Noticed a tentacled monstrosity
    15 | D:1      | Noticed a large abomination
    15 | D:1      | Noticed a tentacled monstrosity
    17 | D:1      | Noticed a large abomination
    17 | D:1      | Noticed an orb of fire
    19 | D:1      | Noticed a large abomination
   388 | D:1      | Reached XP level 2. HP: 10/19 MP: 1/5
   969 | D:1      | Slain by a hobgoblin

Action                   || total
-------------------------++-------
Melee: Unarmed           ||    20
       Spear             ||     5
 Cast: Magic Dart        ||    32
Armor: Robe              ||     6
Dodge: Dodged            ||    26
